 Dungeon Crawl Stone Soup version 0.31-a0-271-gb88eb75e06 (webtiles) character file.

Game seed: 14869353194094479538

61 spiderkeys the Gusty (level 3, -1/25 HPs)
             Began as a Demonspawn Wanderer on July 14, 2023.
             Killed from afar by an orc wizard (5 damage)
             ... with a magic dart
             ... on level 3 of the Dungeon.
             The game lasted 00:03:29 (2550 turns).

spiderkeys the Gusty (Demonspawn Wanderer)          Turns: 2550, Time: 00:03:29

Health: -1/25      AC:  4    Str: 11    XL:     3   Next: 83%
Magic:  5/5        EV: 11    Int: 18    God:
Gold:   96         SH:  0    Dex: 12    Spells: 4/5 levels left

rFire   . . .        a - +2 spear
rCold   . . .        (no shield)
rNeg    . . .        d - +0 robe
rPois   .            (no helmet)
rElec   .            (no cloak)
rCorr   .            e - +0 pair of gloves
SInv    .            k - +0 pair of boots
Will    .....        (no amulet)
Stlth   +            (no ring)
HPRegen 0.24/turn    (no ring)
MPRegen 0.09/turn

%: no passive effects
@: no status effects
A: big brain 1
a: no special abilities


You were on level 3 of the Dungeon.
You visited 1 branch of the dungeon, and saw 3 of its levels.

You collected 96 gold pieces.


Innate Abilities, Weirdness & Mutations

You have an unusually large brain. (Int +2)


   Skills:
 + Level 0.7 Fighting
 + Level 3.9 Polearms
 + Level 1.7 Spellcasting
 + Level 0.6 Conjurations
 + Level 4.0 Air Magic
 - Level 1.6 Evocations


You had 4 spell levels left.
You knew the following spells:

 Your Spells              Type           Power      Damage    Failure   Level
s - Shock                 Conj/Air       36%        1d5       7%          1

Your spell library contained the following spells:

 Spells                   Type           Power      Damage    Failure   Level
 Swiftness                Air            16%        N/A       11%         3

Inventory:

Hand Weapons
 a - a +2 spear (weapon)
Missiles
 f - 24 stones
 g - 4 poisoned darts
Armour
 d - a +0 robe (worn)
 e - a +0 pair of gloves (worn)
   (You found it on level 1 of the Dungeon)
 h - a +0 leather armour
   (You found it on level 1 of the Dungeon)
 j - a +0 robe
   (You found it on level 1 of the Dungeon)
 k - a +0 pair of boots (worn)
   (You found it on level 1 of the Dungeon)
 m - a +0 ring mail
   (You found it on level 1 of the Dungeon)
 n - a +0 ring mail
   (You found it on level 1 of the Dungeon)
 p - a +0 chain mail
   (You found it on level 3 of the Dungeon)
 q - a +0 leather armour
   (You took it off an orc on level 3 of the Dungeon)
 u - a +0 robe
   (You found it on level 2 of the Dungeon)
 v - a +0 leather armour
   (You found it on level 3 of the Dungeon)
Wands
 b - a wand of polymorph (6)
Scrolls
 c - 2 scrolls of fog
 o - a scroll of vulnerability {!r!r}
 t - a scroll of noise {!r}
 w - a scroll of amnesia {unknown}
Potions
 i - a potion of curing {@q1}
 l - a potion of degeneration {unknown}
 r - a potion of mutation {unknown}
 s - a potion of might

Dungeon Overview and Level Annotations

Branches:
Dungeon (3/15) Zot: 15454

Altars:

.........######.##........##...
................##........# .. .
#..........#..#####.#..#### ...
##.....>...##.# ##.#..#####.....
##........##.####..#....).......
#....................#####.....
#........##..##.###..# ...
#........##...o..##..# .
#........##.##@o.....##
###########....).......
...................
#######......##.....
#.......######.##..# #.......# #
#.......# #.....#.# #.....#.#


You could see an orc wizard and an orc.


Message History

A dart slug comes into view.
A dart slug is nearby!
You impale the dart slug!!
You kill the dart slug!
No target in view!
No target in view!
v - a +0 leather armour You feel a little less mighty now.
You see here a +0 short sword.
Found a stone staircase leading down.
No target in view!
No target in view!
w - a scroll labelled BIKUYPPIVU No target in view!
No target in view!
No target in view!
A rat and a frilled lizard come into view.
There are monsters nearby!
There are monsters nearby!
Found a stone staircase leading down.
You closely miss the rat. The rat bites you but does no damage.
You hit the rat but do no damage. The rat closely misses you.
You hit the frilled lizard.
You kill the frilled lizard!
The rat bites you but does no damage.
You closely miss the rat. Your punch misses the rat.
The rat bites you but does no damage.
You completely miss the rat. The rat bites you. 😕 HP[-2]
You take 2 damage, and now have 23/25 hp.
You hit the rat. The rat bites you but does no damage.
You barely miss the rat. The rat barely misses you.
A rat is nearby!
You closely miss the rat. The rat bites you but does no damage.
You hit the rat.
You kill the rat!
No target in view!
You see here a frilled lizard corpse.
f - 24 stones (gained 3)
You see here a rat corpse.
An orc comes into view. It is wielding a +0 club.
The orc shouts!
An orc is nearby! 😎 HP[+2]
Your hp is fully restored (25).
An orc is nearby!
An orc wizard comes into view. It is wielding a +1 dagger of speed.
The orc wizard shouts!
You reach to attack!
You hit the orc.
You reach to attack!
You hit the orc.
You kill the orc!
An orc comes into view. It is wielding a +0 flail.
The orc shouts!
You hit the orc wizard. The orc wizard misses you.
The orc wizard hits you but does no damage.
You barely miss the orc wizard. The orc wizard casts a spell at you.
The magic dart hits you. 😕 HP[-2]
You take 2 damage, and now have 23/25 hp.
You hit the orc wizard but do no damage.
The orc wizard casts a spell at you. The magic dart hits you. 😕 HP[-4]
You take 4 damage, and now have 19/25 hp.
You hit the orc wizard.
The orc wizard hits you but does no damage.
You hit the orc wizard. The orc barely misses you.
The orc wizard hits you with a +1 dagger of speed. 😮 HP[-2]
You take 2 damage, and now have 17/25 hp.
You are too injured to fight recklessly!
You are too injured to fight recklessly!
You are too injured to fight recklessly!
You hit the orc wizard. The orc wizard casts a spell at you.
The puff of flame hits you.
* * * LOW HITPOINT WARNING * * *
The orc closely misses you. 😨 HP[-6]
You take 6 damage, and now have 11/25 hp.
MASSIVE DAMAGE!! (PAUSE)
You closely miss the orc wizard.
The orc wizard hits you but does no damage.
The orc hits you with a +0 flail.
* * * LOW HITPOINT WARNING * * *
😨 HP[-4]
You take 4 damage, and now have 7/25 hp.
You hit the orc wizard. The orc wizard barely misses you.
The orc hits you with a +0 flail.
* * * LOW HITPOINT WARNING * * *
😱 HP[-2]
You take 2 damage, and now have 5/25 hp.
Unknown command.
You closely miss the orc wizard.
The orc wizard hits you with a +1 dagger of speed.
* * * LOW HITPOINT WARNING * * *
The orc wizard gestures at you while chanting.
The magic dart hits you.
You die...

Skill      XL: |  1  2  3 |
---------------+----------+-----
Air Magic      | 4 |  4.0
Fighting       | |  0.7
Polearms       | |  3.9
Spellcasting   | |  1.7
Conjurations   | |  0.6
Evocations     | |  1.6

Action                     || total
---------------------------++-------
  Melee: Spear             ||    88
   Cast: Shock             ||    33
    Use: Scroll            ||     5
         Potion            ||     2
   Stab: Sleeping          ||     2
 Armour: Robe              ||    17
  Dodge: Dodged            ||    39

Levels and vault maps discovered:
D:1:      doesnt_arrival_eight_statues, layout_basic,
          shapermc_ecumenical_altar_totnotflames, kennysheep_small_spiral,
          minmay_heptomino_d4
D:2:      layout_loops_corners
D:3:      layout_rooms, minmay_surrounded

Notes
Turn   | Place    | Note
-------+----------+-------------------------------------------
     0 | D:1      | spiderkeys the Demonspawn Wanderer began the quest for the
                  | Orb.
     0 | D:1      | spiderkeys set off with the following items: a +2 spear, a
                  | wand of polymorph (6), a scroll of fog, a +0 robe; and the
                  | following spell memorised: Shock; and the following spells
                  | available to memorise: Swiftness.
     0 | D:1      | Reached XP level 1. HP: 13/13 MP: 2/2
     0 | D:1      | magus.rc [v1.11.3]
   158 | D:1      | HP: 3/13 [kobold/+0 dagger (3)]
   159 | D:1      | Gained mutation: You have an unusually large brain. (Int
                  | +2) [demonic ancestry]
   159 | D:1      | Reached XP level 2. HP: 5/19 MP: 3/3
   899 | D:1      | Found a faded altar of an unknown god.
  1194 | D:2      | Reached XP level 3. HP: 11/24 MP: 5/5
  2132 | D:2      | Reached skill level 4 in Air Magic
  2549 | D:3      | HP: 5/25 [orc/+0 flail (2)]
  2550 | D:3      | Killed from afar by an orc wizard

Vanquished Creatures
  An adder (D:2)
  3 dart slugs
  2 orcs (D:3)
  2 bats (D:1)
  8 endoplasms
  4 giant cockroaches
  3 goblins
  2 hobgoblins (D:1)
  3 quokkas
  2 ball pythons (D:2)
  2 frilled lizards
  3 kobolds (D:1)
  7 rats
42 creatures vanquished.

Table legend:
 A = Non-vault XP
 B = Vault XP
 C = Vault XP percentage of total XP
 D = Non-vault monster count
 E = Vault monster count
 F = Vault count percentage of total count
                 A         B        C        D         E       F
            +---------+---------+-------+---------+---------+-------
      Total |      83 |       5 |   5.7 |      39 |       3 |   7.1
            +---------+---------+-------+---------+---------+-------
        D:1 |      32 |       5 |  13.5 |      16 |       3 |  15.8
        D:2 |      37 |       0 |   0.0 |      17 |       0 |   0.0
        D:3 |      14 |       0 |   0.0 |       6 |       0 |   0.0
            +---------+---------+-------+---------+---------+-------

Skill      XL: |  1  2  3 |
---------------+----------+-----
Air Magic      | 4 |  4.0
Fighting       | |  0.7
Polearms       | |  3.9
Spellcasting   | |  1.7
Conjurations   | |  0.6
Evocations     | |  1.6

Action                     || total
---------------------------++-------
  Melee: Spear             ||    88
   Cast: Shock             ||    33
    Use: Scroll            ||     5
         Potion            ||     2
   Stab: Sleeping          ||     2
 Armour: Robe              ||    17
  Dodge: Dodged            ||    39

Illustrated notes

Table legend:
 A = Kills in this place as a percentage of kills in the entire game.
 B = Kills by you in this place as a percentage of kills by you in the entire game.
 C = Kills by friends in this place as a percentage of kills by friends in the entire game.
 D = Other kills in this place as a percentage of other kills in the entire game.
 E = Experience gained in this place as a percentage of experience gained in the entire game.
 F = Experience gained in this place divided by the number of levels of this place that you have seen.
                   A       B       C       D       E      F
               +-------+-------+-------+-------+-------+----------------------
         Total | 100.0 | 100.0 |   N/A |   N/A | 100.0 |  29.3
       Dungeon | 100.0 | 100.0 |   N/A |   N/A | 100.0 |  29.3
               +-------+-------+-------+-------+-------+----------------------

Table legend: (Time is in decaauts)
 A = Elapsed time spent in this place.
 B = Non-inter-level travel time spent in this place.
 C = Inter-level travel time spent in this place.
 D = Time resting spent in this place.
 E = Time spent auto-exploring this place.
 F = Levels seen in this place.
 G = Mean time per level.
                   A        B        C        D        E       F      G
               +--------+--------+--------+--------+--------+-----+--------+
         Total |   2544 |   2505 |     39 |    100 |   2152 |   3 |  848.0 |
       Dungeon |   2544 |   2505 |     39 |    100 |   2152 |   3 |  848.0 |
               +--------+--------+--------+--------+--------+-----+--------+

Top non-repeatable levels by time:
     D:2: 1259 daAuts
     D:1: 1151 daAuts
     D:3: 133 daAuts
